 Dungeon Crawl Stone Soup version 0.31-a0-977-gc230f8ef24 (webtiles) character file.

Game seed: 6762023191314617705

369196 Zonian the Eclecticist (level 21, -6/122 HPs)
             Began as a Deep Elf Ice Elementalist on Oct 24, 2023.
             Was a High Priest of Jiyva.
             Mangled by a tengu reaver
             ... wielding a +0 war axe of pain
              (26 damage)
             ... on level 2 of the Vaults on Oct 29, 2023.
             The game lasted 05:50:11 (61107 turns).

Zonian the Eclecticist (Deep Elf Ice Elementalist) Turns: 61107, Time: 05:50:12

Health: -6/122     AC: 12    Str:  8    XL:     21   Next: 31%
Magic:  29/44      EV: 20    Int: 34    God:    Jiyva [*****.]
Gold:   399        SH:  7    Dex: 27    Spells: 7/55 levels left

rFire   . . .        g - +3 dagger of Eternal Vigilance {holy, Str+2 Stlth+}
rCold   . . .        H - +0 buckler
rNeg    . . .        w - +0 swamp dragon scales
rPois   +            (no helmet)
rElec   +            G - scarf of Focus {repulsion, rElec}
rCorr   +            r - +2 pair of gloves
SInv    .            a - +0 pair of boots
Will    +++++        L - amulet of the Enchanting Gods {Regen+ Str+3}
Stlth   ++++++       e - +4 ring of slaying
HPRegen 2.64/turn    d - ring of Liberty {Int+6 Dex+2}
MPRegen 0.74/turn

%: repel missiles, clarity
@: radiating poison
A: agile 2, clarity, strong-willed 3, sense surroundings 1, translucent skin 2,
evolution 1, tendrils
}: 3/15 runes: decaying, serpentine, slimy
a: Renounce Religion, Oozemancy, Slimify


You were on level 2 of the Vaults.
You worshipped Jiyva.
Jiyva was extremely pleased with you.
You visited 8 branches of the dungeon, and saw 40 of its levels.
You visited the Abyss 2 times.
You visited 1 bazaar.

You collected 2029 gold pieces.
You spent 1630 gold pieces at shops.

Inventory:

Hand Weapons
 g - the +3 dagger of Eternal Vigilance (weapon) {holy, Str+2 Stlth+}
   (You found it on level 5 of the Pits of Slime)

   Str+2:     It affects your strength (+2).
   Stlth+:    It makes you more stealthy.
 q - the +6 shortbow "Uskirekh" {speed, Int+3}
   (You found it on level 1 of the Elven Halls)

   Int+3:     It affects your intelligence (+3).
 v - a +3 heavy rapier
 I - a +5 long sword of electrocution
 N - a +2 double sword of protection
 P - a +2 spectral demon blade
 Q - a +2 rapier of venom
Missiles
 c - 2 curare-tipped darts
 z - 13 boomerangs
 O - 15 javelins
Armour
 a - a +0 pair of boots (worn)
 n - a +2 scale mail of fire resistance
 r - a +2 pair of gloves (worn)
 w - +0 swamp dragon scales (worn)
 x - a +2 robe of cold resistance
 C - +0 steam dragon scales
 G - the scarf of Focus (worn) {repulsion, rElec}
   (You found it on level 4 of the Lair of Beasts)

   rElec:     It insulates you from electricity.
 H - a +0 buckler (worn)
 J - the +5 scale mail "Ymiuh" {rN+ Int+3 Dex+3}
   (You found it on level 5 of the Lair of Beasts)

   Int+3:     It affects your intelligence (+3).
   Dex+3:     It affects your dexterity (+3).
   rN+:       It protects you from negative energy.
 S - a +0 kite shield of cold resistance
 Z - +0 fire dragon scales
Jewellery
 d - the ring of Liberty (right hand) {Int+6 Dex+2}
   (You found it on level 5 of the Pits of Slime)

   [ring of intelligence]

   Int+6:     It affects your intelligence (+6).
   Dex+2:     It affects your dexterity (+2).
 e - a +4 ring of slaying (left hand)
 h - a +6 ring of dexterity
 i - a ring of see invisible
 j - the amulet of Vuicsa Jogit {Acrobat rElec Str+2 Int-4 Dex+3}
   (You found it on level 5 of the Dungeon)

   [amulet of the acrobat]

   Acrobat:   It increases your evasion while moving and waiting.
   Str+2:     It affects your strength (+2).
   Int-4:     It affects your intelligence (-4).
   Dex+3:     It affects your dexterity (+3).
   rElec:     It insulates you from electricity.
 A - a +6 ring of intelligence
 L - the amulet of the Enchanting Gods (around neck) {Regen+ Str+3}
   (You found it on level 11 of the Dungeon)

   [amulet of regeneration]

   Str+3:     It affects your strength (+3).
   Regen+:    It increases your rate of health regeneration.
 M - a +6 ring of intelligence
 W - a ring of wizardry
 Y - a ring of flight
Wands
 m - a wand of flame (21)
 y - a wand of roots (20)
 R - a wand of mindburst (18)
Scrolls
 f - 5 scrolls of identify
 k - 2 scrolls of revelation
 p - a scroll of fear
 D - 3 scrolls of teleportation
 E - a scroll of immolation
 F - 3 scrolls of fog
 K - a scroll of butterflies
 U - 2 scrolls of blinking
 X - a scroll of silence
Potions
 b - 3 potions of magic
 l - a potion of lignification
 o - 4 potions of brilliance
 s - a potion of resistance
 t - 7 potions of ambrosia
 u - 4 potions of curing
 B - 4 potions of might
 T - a potion of enlightenment


   Skills:
 - Level 10.3 Fighting
 + Level 12.5(12.7) Short Blades
 - Level 2.4(7.8) Long Blades
 - Level 2.4 Ranged Weapons
 - Level 4.0 Armour
 - Level 13.7 Dodging
 - Level 9.3 Stealth
 - Level 4.0 Shields
 - Level 3.5 Unarmed Combat
 + Level 17.9 Spellcasting
 - Level 15.3 Conjurations
 - Level 15.1 Hexes
 - Level 6.0 Summonings
 - Level 6.0 Translocations
 + Level 10.7 Fire Magic
 - Level 12.5 Ice Magic
 + Level 12.3 Air Magic
 - Level 11.9 Poison Magic


You had 7 spell levels left.
You knew the following spells:

 Your Spells              Type           Power      Damage    Failure   Level
a - Freeze                Ice            100%       1d10      1%          1
b - Frozen Ramparts       Ice            100%       1d16      1%          3
c - Ozocubu's Armour      Ice            86%        N/A       1%          3
d - Dazzling Flash        Conj/Hex       100%       N/A       1%          3
e - Volatile Blastmotes   Fire/Tloc      100%       2d18      1%          3
f - Mephitic Cloud        Conj/Pois/Air  88%        N/A       1%          3
g - Freezing Cloud        Conj/Ice/Air   44%        6-21      1%          5
h - Olgreb's Toxic Radia  Pois           84%        N/A       1%          4
i - Hailstorm             Conj/Ice       90%        3d18      1%          3
j - Summon Lightning Spi  Summ/Air       75%        N/A       1%          4
k - Iskenderun's Mystic   Conj/Tloc      80%        2d16      1%          4
l - Tukima's Dance        Hex            93%        N/A       1%          3
m - Flame Wave            Conj/Fire      87%        2d19      1%          4
n - Irradiate             Conj/Tmut      35%        3d23      6%          5

Your spell library contained the following spells:

 Spells                   Type           Power      Damage    Failure   Level
 Magic Dart               Conj           100%       1d8       0%          1
 Sting                    Tmut/Pois      100%       1d8       1%          1
 Cigotuvi's Dreadful Rot  Necr/Pois/Air  100%       N/A       1%          2
 Poisonous Vapours        Pois/Air       100%       N/A       1%          2
 Scorch                   Fire           100%       2d9       1%          2
 Inner Flame              Hex/Fire       87%        N/A       1%          3
 Dimensional Bullseye     Hex/Tloc       40%        N/A       1%          4
 Sticky Flame             Conj/Fire      87%        2d10      1%          4
 Summon Ice Beast         Ice/Summ       76%        N/A       1%          4
 Iskenderun's Battlesphe  Conj           94%        2d14      1%          5
 Brom's Barrelling Bould  Conj/Erth      70%        2d8       2%          4
 Starburst                Conj/Fire      43%        6d12      3%          6
 Plasma Beam              Fire/Air       41%        2x1d55    7%          6
 Passwall                 Tmut/Erth      25%        N/A       8%          2
 Sublimation of Blood     Necr           30%        N/A       8%          2
 Orb of Destruction       Conj           47%        9d12      9%          7
 Alistair's Intoxication  Tmut/Pois      42%        N/A       12%         5
 Petrify                  Tmut/Erth      30%        N/A       45%         4
 Lee's Rapid Deconstruct  Erth           15%        3d10*     82%         5
 Maxwell's Capacitive Co  Air            42%        ∞         91%         8
 Fire Storm               Conj/Fire      43%        8d11      100%        9


Dungeon Overview and Level Annotations

Branches:
Dungeon (15/15)            Temple (0/1) D:5            Lair (5/5) D:11
  Swamp (4/4) Lair:2        Snake (4/4) Lair:2        Slime (5/5) Lair:4
    Orc (2/2) D:9             Elf (3/3) Orc:2        Vaults (2/5) D:14
 Depths (0/4) D:15
  Crypt: Vaults:2-3

Altars:
Dithmenos
Gozag
Qazlal
Trog
Vehumet
Xom
Jiyva

Shops:
D:2 (   D:4 :   D:6 !!!   Orc:2 :[([   Elf:2 ([(   Elf:3 (?   Snake:3 ::=:
Vaults:1 (   Vaults:2 ?

Portals:
Abyss: Vaults:1

Annotations:
D:14 Rupert
Snake:1 3 runed translucent doors, Axiustri's ghost, adept DESu; Kacetewk's ghost, adept MiBe; dr0g0th's ghost, journeyman DsGl
Slime:5 Royal Jelly
Elf:1 1 runed translucent door, Ticruxul's ghost, journeyman MiFi
Elf:2 8 runed translucent doors, wally255's ghost, journeyman HOFi
Vaults:1 2 transporters, lotum's ghost, adept KoHu
Vaults:2 Boris; Gormless's ghost, adept HOMo


Innate Abilities, Weirdness & Mutations

You are very agile. (Dex +8, Str/Int -2)
You possess an exceptional clarity of mind.
You are extremely strong-willed. (Will+++)
You passively map a small area around you.
Your translucent skin reduces your foes' accuracy. (Stealth+)
You have hidden genetic potential.
You are covered in slimy tendrils that may disarm your opponents.


Message History

Confirm with . or Enter, or press ? or * to list all spells.
Aiming: Freezing Cloud (mildly dangerous; 1% risk of failure)
Press: ? - help, Dir - move target
Okay, then.
Casting: Freezing Cloud (mildly dangerous; 1% risk of failure)
Confirm with . or Enter, or press ? or * to list all spells.
You begin to radiate toxic energy.
The vault guard is engulfed in freezing vapours.
Unknown command.
Casting: Olgreb's Toxic Radiance (safe; 1% risk of failure)
Confirm with . or Enter, or press ? or * to list all spells.
Your toxic radiance grows in intensity.
The tengu reaver looks even sicker.
Your rockslime hits the tengu reaver!
The tengu reaver is shoved backwards!
The tengu reaver hits your rockslime but does no damage.
Your rockslime writhes in agony!
The tengu reaver pecks your rockslime but does no damage.
The tengu reaver claws your rockslime but does no damage.
The vault guard hits your rockslime with a +1 dire flail!
Your rockslime hits the vault guard!
The vault guard stumbles backwards!
The vault guard dies!
Unknown command.
Casting: Olgreb's Toxic Radiance (safe; 1% risk of failure)
Confirm with . or Enter, or press ? or * to list all spells.
Your toxic radiance grows in intensity.
The tengu reaver looks as sick as possible! x2
The tengu reaver points at you and mumbles some strange words.
The bolt of fire hits you!!!
You shudder from the blast and a jelly pops out!
The tengu reaver gestures at you while chanting.
The bolt of cold hits you!!
* * * LOW HITPOINT WARNING * * *
You shudder from the blast and a jelly pops out!
The tengu reaver blocks your rockslime's attack.
Unknown command.
You puncture the tengu reaver!
The tengu reaver is almost dead.
A vault guard comes into view. It is wielding a +3 heavy dire flail.
Your rockslime barely misses the tengu reaver.
The tengu reaver hits you with a +0 war axe of pain!!
You die...

#...# , #...# , , *,
#...# ,, , * , ,
#WJ.######** * ,
#......... #......... ,
,, #.......######## , *
#.......#......#
#.......#...<@J# , #
#.......#..J..Q# **,,
## #.W.....#.....J# , *
.###.......#......'. ,
..##.......#......#§..
,
...'.......########§§.#
, #..'......... , §§# ,
'..#......... , ,, ..p
, #..#.........


You could see a tengu reaver (repels missiles, extremely poisoned, ally target),
a vault guard, 2 friendly rockslimes and a friendly quicksilver ooze (summoned).

Vanquished Creatures
  2 deep elf master archers (Elf:3)
  Kirke (D:13)
  A thorn hunter (Swamp:3)
  Agnes (D:15)
  Donald (Vaults:1)
  Aizul (Snake:4)
  2 nagarajas (Snake:4)
  4 vault wardens
  An orc warlord (Vaults:1)
  9 deep elf sorcerers
  6 ghouls
  7 deep elf elementalists (Elf:3)
  A cacodemon (Abyss:2)
  4 ironbound preservers
  An ironbound thunderhulk (Vaults:1)
  6 deep elf annihilators (Elf:3)
  7 deep elf demonologists
  3 bunyips
  5 very ugly things (Abyss:2)
  A minotaur (D:11)
  4 eleionomae
  3 dire elephants (Vaults:1)
  3 spark wasps (Swamp:2)
  A blizzard demon (Abyss:2)
  Snorg (D:14)
  6 deep elf death magi (Elf:3)
  A crystal guardian (Vaults:1)
  A shambling mangrove (Swamp:3)
  3 yaktaur captains (Vaults:2)
  An entropy weaver (Vaults:1)
  A fire dragon (D:11)
  4 deep elf high priests (Elf:3)
  Fannar (D:11)
  15 hydras
  A peacekeeper (Vaults:1)
  3 vault guards (Vaults:2)
  A rakshasa (D:15)
  2 salamander tyrants (Snake:2)
  5 ogre magi
  3 ironbound frosthearts (Vaults:1)
  The ghost of Dordric the Mimic, a journeyman DrSh of Nemelex Xobeh (D:11)
  5 centaur warriors
  3 boulder beetles
  9 anacondas
  2 ghost crabs
  18 two-headed ogres
  8 alligators
  5 death yaks
  10 naga warriors
  An orc high priest (Orc:1)
  2 tengu warriors (D:15)
  19 dancing weapons
  3 thrashing horrors (Abyss:2)
  9 shock serpents
  Urug (D:11)
  Sonja (Orc:1)
  21 deep elf knights
  15 naga sharpshooters
  A sixfirhy (Abyss:2)
  2 wretched stars (Abyss:2)
  10 salamander mystics
  11 goliath frogs
  16 deep trolls
  A spriggan simulacrum (Snake:4)
  8 naga ritualists
  18 deep elf archers
  6 arcanists
  3 bog bodies
  4 spriggan druids
  12 swamp dragons
  7 ironbound convokers (Vaults:1)
  26 deep elf pyromancers
  A wolf spider zombie (D:15)
  6 lindwurms
  A necromancer (D:15)
  10 mana vipers
  22 deep elf zephyrmancers
  4 orc knights (Vaults:1)
  3 orc sorcerers
  15 ugly things
  22 salamanders
  3 wolf spiders (Lair:2)
  A shadow dragon skeleton (Abyss:2)
  2 will-o-the-wisps (Swamp:2)
  2 manticores
  3 cyclopes
  37 black mambas
  4 guardian serpents
  6 vault sentinels
  3 gargoyles (D:11)
  A torpor snail (Lair:5)
  3 smoke demons (Abyss:2)
  10 naga magi
  5 elephants (Lair:5)
  14 cane toads
  2 unseen horrors
  A centaur skeleton (D:15)
  2 rime drakes
  13 komodo dragons
  A kobold demonologist (D:8)
  6 yaktaurs
  A hellion (Abyss:2)
  2 efreet (D:14)
  A redback zombie (D:15)
  2 freezing wraiths (Abyss:2)
  3 tengu conjurers (D:15)
  An anaconda simulacrum (Snake:4)
  An ancient zyme (Abyss:2)
  2 trolls (shapeshifter)
  8 trolls
  4 polar bears
  9 tyrant leeches
  A queen bee (Lair:1)
  A meliai (D:11)
  Prince Ribbit (D:7)
  16 hornets
  31 blink frogs
  3 raiju (Abyss:2)
  A tarantella (shapeshifter) (D:15)
  A meliai zombie (D:15)
  A dream sheep (Lair:5)
  A culicivora (Vaults:2)
  22 spriggans
  8 wyverns
  4 water elementals
  3 air elementals
  A shadow (D:11)
  3 fire elementals
  Grum (D:11)
  3 hogs (D:13)
  18 starcursed masses (Abyss:2)
  4 basilisks
  A human (D:13)
  32 yaks
  A neqoxec (Abyss:2)
  2 steam dragons
  A minotaur simulacrum (Snake:4)
  3 large abominations (Abyss:2)
  12 vampire mosquitoes
  27 nagas
  4 wargs
  11 swamp worms
  2 acid dragons (D:10)
  Duvessa (D:6)
  7 water moccasins
  6 swamp drakes
  7 black bears
  19 orc warriors
  31 ogres
  7 boggarts
  34 wolves
  7 centaurs
  6 small abominations (Abyss:2)
  5 kobold brigands
  7 bullfrogs
  2 gnoll sergeants (D:10)
  2 necrophages
  4 earth elementals
  2 scorpions (D:4)
  Dowan (D:6)
  28 killer bees
  3 electric eels (Lair:5)
  5 howler monkeys
  16 jellies
  15 orc priests
  A hound (D:6)
  An iron imp (Abyss:2)
  6 iguanas
  25 orc wizards
  6 hell rats
  4 adders
  8 gnolls
  2 white imps (Abyss:2)
  8 ufetubi
  50 orcs
  An endoplasm (D:1)
  4 giant cockroaches
  5 goblins
  5 hobgoblins
  5 jackals (D:2)
  2 quokkas
  3 ball pythons (D:1)
  2 bats (D:2)
  4 frilled lizards
  7 kobolds
  5 rats
1208 creatures vanquished.

Vanquished Creatures (collateral kills)
  A deep elf blademaster (Elf:3)
  Asterion (Snake:4)
  A deep elf master archer (Elf:3)
  Frances (D:14)
  A nagaraja (Snake:4)
  5 deep elf sorcerers (Elf:3)
  2 ironbound preservers
  Nessos (D:13)
  2 deep elf annihilators (Elf:3)
  A crystal guardian (Vaults:1)
  A deep elf death mage (Elf:3)
  A deep elf high priest (Elf:3)
  An entropy weaver (shapeshifter) (Elf:3)
  2 hydras (Swamp:4)
  A vault guard (Vaults:2)
  A centaur warrior (D:13)
  2 anacondas
  5 two-headed ogres (Orc:2)
  2 salamander tyrants (Snake:4)
  An alligator (Swamp:4)
  An ogre mage (Orc:2)
  A dancing weapon (Elf:2)
  3 naga warriors
  2 death yaks (Lair:2)
  A deep elf knight (Elf:3)
  A salamander mystic (Snake:4)
  A shadow demon (Abyss:2)
  A large abomination (Abyss:2)
  A spriggan druid (Swamp:4)
  A goliath frog (Swamp:2)
  A deep troll (Vaults:2)
  A bog body (Swamp:2)
  A flayed ghost (Abyss:2)
  A naga ritualist (Snake:4)
  3 swamp dragons (Swamp:4)
  2 deep elf zephyrmancers
  5 deep elf pyromancers
  An ugly thing (Vaults:2)
  A guardian serpent (Snake:2)
  A salamander (Snake:4)
  3 black mambas
  A naga mage (Snake:3)
  A vault sentinel (Vaults:2)
  3 cane toads
  3 komodo dragons
  A kobold demonologist (D:10)
  3 yaktaurs
  A harpy zombie (Abyss:2)
  A hornet (Swamp:4)
  A troll (D:10)
  Grinder (D:5)
  A blink frog (Lair:5)
  An alligator simulacrum (Snake:4)
  A shadow (D:10)
  A water elemental (Elf:2)
  A wyvern (D:10)
  2 humans (D:13)
  2 minotaur simulacra (Snake:4)
  A naga (Snake:2)
  An ice beast (D:6)
  5 ogres (Orc:2)
  A centaur (D:11)
  2 deep troll simulacra (Snake:4)
  An orc priest (D:10)
  8 starcursed masses (Abyss:2)
  An iguana (D:6)
  2 ufetubi (Abyss:2)
113 creatures vanquished.

Vanquished Creatures (others)
  A tentacled starspawn (Vaults:1)
  An azure jelly (Snake:4)
  An ironbound preserver (Vaults:1)
  A deep elf demonologist (Elf:3)
  A dire elephant (Vaults:1)
  2 great orbs of eyes
  An ogre mage (D:15)
  2 two-headed ogres
  A naga warrior (Snake:1)
  A shock serpent (Snake:1)
  A salamander mystic (Snake:4)
  A sea snake (shapeshifter) (D:14)
  2 glowing orange brains (Vaults:1)
  A deep troll (Vaults:1)
  An ironbound convoker (Vaults:1)
  An arcanist (D:15)
  A deep elf zephyrmancer (Elf:3)
  2 deep elf pyromancers
  An eye of devastation (Abyss:2)
  A vault sentinel (Vaults:2)
  3 naga magi
  A kobold demonologist (D:10)
  A yaktaur (shapeshifter) (Vaults:2)
  A freezing wraith (D:15)
  A yaktaur (Vaults:2)
  A tengu conjurer (D:14)
  A merfolk (shapeshifter) (Vaults:2)
  3 bloated husks
  A dancing weapon (Snake:3)
  24 slime creatures
  A glass eye (shapeshifter) (Vaults:2)
  A dream sheep (shapeshifter) (Vaults:2)
  A shadow (D:10)
  A wyvern (shapeshifter) (Elf:2)
  A golden eye (shapeshifter) (Vaults:1)
  A neqoxec (Abyss:2)
  7 golden eyes (Abyss:2)
  3 vampire mosquitoes (D:14)
  A naga (Snake:3)
  A water moccasin (Lair:5)
  A meliai simulacrum (D:14)
  A swamp drake (Swamp:4)
  A black bear (Lair:5)
  2 orc warriors
  3 ogres
  4 centaurs
  4 wolves
  A phantom (D:7)
  A bullfrog (D:8)
  2 kobold brigands
  A hornet simulacrum (D:14)
  8 killer bees
  A howler monkey (D:10)
  A quasit (Abyss:2)
  405 jellies
  5 orc priests
  A sleepcap (D:4)
  3 iguanas
  5 orc wizards
  A hell rat (Lair:4)
  9 gnolls
  12 adders
  A shadow imp (D:6)
  2 white imps
  14 orcs
  4 endoplasms
  2 giant cockroaches
  4 hobgoblins
  2 jackals (D:2)
  3 training dummies (Elf:2)
  2 ball pythons
  A bat (D:3)
  A frilled lizard (D:3)
  10 kobolds
  3 rats
  20 foxfires (Swamp:2)
  A lurking horror (Vaults:1)
  4 spectral weapons
  2 starspawn tentacles (Abyss:2)
627 creatures vanquished.

Grand Total: 1948 creatures vanquished

Notes
Turn   | Place    | Note
-------+----------+-------------------------------------------
     0 | D:1      | Zonian the Deep Elf Ice Elementalist began the quest for
                  | the Orb.
     0 | D:1      | Reached XP level 1. HP: 10/10 MP: 6/6
   514 | D:1      | Reached XP level 2. HP: 14/15 MP: 6/8
   607 | D:1      | Found a faded altar of an unknown god.
   622 | D:1      | Prayed at the altar of an unknown god.
   622 | D:1      | Became a worshipper of Jiyva Juusoih the Shapeless
   622 | D:1      | Reached * piety under Jiyva
   861 | D:1      | Got the Writings on the Cold Wind
   882 | D:1      | Reached ** piety under Jiyva
  1197 | D:2      | Found Enemo Oshra's Antique Weapon Emporium.
  1516 | D:2      | Reached XP level 3. HP: 19/19 MP: 9/9
  1560 | D:2      | Learned a level 3 spell: Frozen Ramparts
  1564 | D:2      | Learned a level 3 spell: Ozocubu's Armour
  1852 | D:2      | Reached skill level 5 in Ice Magic
  2384 | D:3      | Reached *** piety under Jiyva
  2453 | D:3      | Gained mutation: You have a small jelly attached to you
                  | that senses nearby items. [Jiyva's grace]
  2453 | D:3      | Gained mutation: You are covered in slimy tendrils that may
                  | disarm your opponents. [Jiyva's grace]
  2453 | D:3      | Gained mutation: Your body has grown eyes which may confuse
                  | attackers. (Acc +3) [Jiyva's grace]
  2453 | D:3      | Gained mutation: Your body has grown many eyes which may
                  | confuse attackers. (Acc +5) [Jiyva's grace]
  2577 | D:3      | Reached XP level 4. HP: 24/24 MP: 10/10
  2951 | D:3      | Reached **** piety under Jiyva
  3265 | D:4      | Found Wenuefoc's Book Shoppe.
  3525 | D:4      | Noticed a scorpion
  3656 | D:4      | Killed a scorpion
  3657 | D:4      | Reached XP level 5. HP: 28/28 MP: 10/12
  4027 | D:4      | Reached skill level 4 in Spellcasting
  4527 | D:4      | Reached ***** piety under Jiyva
  4876 | D:5      | Entered Level 5 of the Dungeon
  5020 | D:5      | Reached XP level 6. HP: 32/32 MP: 12/14
  5030 | D:5      | Reached skill level 5 in Stealth
  5060 | D:5      | Identified the amulet of Vuicsa Jogit {Acrobat rElec Str+2
                  | Int-4 Dex+3}
  5213 | D:5      | Found a staircase to the Ecumenical Temple.
  5228 | D:5      | Learned a level 3 spell: Dazzling Flash
  5245 | D:5      | Lost mutation: You have a small jelly attached to you that
                  | senses nearby items. [Jiyva's grace]
  5245 | D:5      | Gained mutation: You have sharp fingernails. [Jiyva's
                  | grace]
  5245 | D:5      | Gained mutation: You have very sharp fingernails. [Jiyva's
                  | grace]
  5245 | D:5      | Gained mutation: You have claws for hands. [Jiyva's grace]
  5245 | D:5      | Gained mutation: You have a pair of small antennae on your
                  | head. [Jiyva's grace]
  5266 | D:5      | Noticed a troll
  5272 | D:5      | Killed a troll
  5273 | D:5      | Reached skill level 5 in Dodging
  5273 | D:5      | Reached skill level 5 in Spellcasting
  5273 | D:5      | Reached skill level 1 in Conjurations
  5273 | D:5      | Reached skill level 1 in Hexes
  5273 | D:5      | Reached XP level 7. HP: 21/37 MP: 10/16
  5311 | D:5      | Noticed Grinder
  5324 | D:5      | Killed Grinder
  5325 | D:5      | Reached skill level 1 in Fighting
  5680 | D:5      | Found a bloodstained altar of Trog.
  5680 | D:5      | Found a stormy altar of Qazlal.
  5688 | D:5      | Reached XP level 8. HP: 43/43 MP: 18/18
  6318 | D:6      | Found Kidyirr's Distillery.
  6318 | D:6      | Noticed Duvessa
  6318 | D:6      | Noticed Dowan
  6877 | D:6      | Found Rahasayg's Distillery.
  6882 | D:6      | Bought a potion of curing for 33 gold pieces
  6882 | D:6      | Bought a potion of heal wounds for 55 gold pieces
  6925 | D:6      | Killed Dowan
  6936 | D:6      | Killed Duvessa
  6995 | D:6      | Reached ****** piety under Jiyva
  7010 | D:6      | Found Nofist's Distillery.
  7620 | D:7      | Reached skill level 6 in Spellcasting
  7622 | D:7      | Reached skill level 1 in Unarmed Combat
  8030 | D:7      | Noticed Prince Ribbit
  8038 | D:7      | Killed Prince Ribbit
  8072 | D:7      | Identified the +7 ring mail of Tir Gauf {-Tele rF++ rN+
                  | SInv}
  8171 | D:7      | Gained mutation: Your muscles are strong. (Str +4, Int/Dex
                  | -1) [Jiyva's grace]
  8171 | D:7      | Gained mutation: Your muscles are very strong. (Str +8,
                  | Int/Dex -2) [Jiyva's grace]
  8171 | D:7      | Gained mutation: You have a small jelly attached to you
                  | that may absorb projectiles. [Jiyva's grace]
  8171 | D:7      | Gained mutation: Your melee attacks may engulf your foes in
                  | ooze. [Jiyva's grace]
  8488 | D:8      | Reached XP level 9. HP: 49/49 MP: 20/20
  8710 | D:8      | Noticed a kobold demonologist
  9023 | D:8      | Killed a kobold demonologist
  9730 | D:8      | Learned a level 3 spell: Volatile Blastmotes
  9752 | D:9      | Learned a level 3 spell: Mephitic Cloud
  9921 | D:9      | Reached skill level 7 in Spellcasting
  9998 | D:9      | Reached skill level 5 in Hexes
  9998 | D:9      | Reached skill level 1 in Poison Magic
 10135 | D:9      | Found a staircase to the Orcish Mines.
 10187 | D:9      | Reached skill level 1 in Translocations
 10187 | D:9      | Reached skill level 1 in Fire Magic
 10377 | D:9      | Noticed a two-headed ogre
 10384 | D:9      | Killed a two-headed ogre
 10385 | D:9      | Reached XP level 10. HP: 56/56 MP: 15/23
 10498 | D:9      | Lost mutation: You have claws for hands. [Jiyva's grace]
 10498 | D:9      | Lost mutation: Your muscles are very strong. (Str +8,
                  | Int/Dex -2) [Jiyva's grace]
 10498 | D:9      | Lost mutation: Your body has grown many eyes which may
                  | confuse attackers. (Acc +5) [Jiyva's grace]
 10498 | D:9      | Gained mutation: You passively map a small area around you.
                  | [Jiyva's grace]
 10498 | D:9      | Gained mutation: You passively map the area around you.
                  | [Jiyva's grace]
 10498 | D:9      | Gained mutation: You passively map a large area around you.
                  | [Jiyva's grace]
 10498 | D:9      | Gained mutation: You are partially covered in iridescent
                  | scales. (AC +2) [Jiyva's grace]
 10727 | D:9      | Noticed a cyclops
 10855 | D:9      | Killed a cyclops
 10977 | D:10     | Entered Level 10 of the Dungeon
 11606 | D:10     | Reached skill level 5 in Conjurations
 11622 | D:10     | Reached skill level 8 in Spellcasting
 11626 | D:10     | Noticed a two-headed ogre
 11635 | D:10     | Killed a two-headed ogre
 12375 | D:11     | Noticed a gargoyle
 12388 | D:11     | Killed a gargoyle
 12389 | D:11     | Reached XP level 11. HP: 62/62 MP: 19/25
 12612 | D:11     | Found a runed translucent gate.
 12612 | D:11     | Found a runed translucent gate.
 12612 | D:11     | Found an opulent altar of Gozag.
 12613 | D:11     | Found a runed translucent gate.
 12616 | D:11     | Noticed Dordric's ghost (journeyman DrSh)
 12619 | D:11     | Noticed a fire dragon
 12620 | D:11     | Noticed Urug
 12736 | D:11     | Found a staircase to the Lair.
 12809 | D:11     | Reached skill level 1 in Ranged Weapons
 12857 | D:13     | Identified the of Wiwemn
 12857 | Lair:1   | Entered Level 1 of the Lair of Beasts
 12933 | Lair:1   | Reached skill level 9 in Spellcasting
 13163 | Lair:1   | Lost mutation: You have very sharp fingernails. [Jiyva's
                  | grace]
 13163 | Lair:1   | Lost mutation: You are partially covered in iridescent
                  | scales. (AC +2) [Jiyva's grace]
 13163 | Lair:1   | Lost mutation: Your muscles are strong. (Str +4, Int/Dex
                  | -1) [Jiyva's grace]
 13163 | Lair:1   | Lost mutation: Your melee attacks may engulf your foes in
                  | ooze. [Jiyva's grace]
 13163 | Lair:1   | Gained mutation: Your translucent skin slightly reduces
                  | your foes' accuracy. (Stealth+) [Jiyva's grace]
 13163 | Lair:1   | Gained mutation: Your translucent skin reduces your foes'
                  | accuracy. (Stealth+) [Jiyva's grace]
 13163 | Lair:1   | Gained mutation: Your transparent skin significantly
                  | reduces your foes' accuracy. (Stealth+) [Jiyva's grace]
 13163 | Lair:1   | Gained mutation: You possess an exceptional clarity of
                  | mind. [Jiyva's grace]
 13319 | Lair:1   | Reached skill level 5 in Fighting
 13595 | Lair:1   | Reached skill level 1 in Short Blades
 13603 | Lair:1   | Reached skill level 5 in Poison Magic
 13816 | Lair:1   | Reached XP level 12. HP: 68/68 MP: 25/27
 14190 | Lair:2   | Noticed a death yak
 14473 | Lair:2   | Found a staircase to the Snake Pit.
 14659 | Lair:2   | Found a staircase to the Swamp.
 14848 | Lair:2   | Reached skill level 10 in Spellcasting
 15438 | Lair:2   | Noticed a four-headed hydra
 15469 | Lair:2   | Killed a four-headed hydra
 16014 | Lair:2   | Reached skill level 10 in Dodging
 16158 | Lair:2   | Lost mutation: You possess an exceptional clarity of mind.
                  | [Jiyva's grace]
 16158 | Lair:2   | Gained mutation: Your muscles are strong. (Str +4, Int/Dex
                  | -1) [Jiyva's grace]
 16158 | Lair:2   | Gained mutation: Your muscles are very strong. (Str +8,
                  | Int/Dex -2) [Jiyva's grace]
 16158 | Lair:2   | Gained mutation: You have a pair of antennae on your head.
                  | [Jiyva's grace]
 16158 | Lair:2   | Gained mutation: You have a pair of large antennae on your
                  | head. (SInv) [Jiyva's grace]
 16318 | Lair:2   | Noticed a death yak
 16339 | Lair:2   | Noticed a death yak
 16340 | Lair:2   | Noticed a death yak
 16413 | Lair:2   | Noticed a death yak
 16431 | Lair:2   | Killed a death yak
 16472 | Lair:2   | Noticed a death yak
 16509 | Lair:2   | Killed a death yak
 16562 | Lair:2   | Killed a death yak
 16568 | Lair:2   | Killed a death yak
 16572 | Lair:2   | Killed a death yak
 16573 | Lair:2   | Reached skill level 10 in Ice Magic
 16573 | Lair:2   | Killed a death yak
 16631 | Lair:2   | Reached XP level 13. HP: 74/74 MP: 27/29
 16700 | Lair:2   | Reached skill level 11 in Spellcasting
 17034 | Lair:2   | Learned a level 5 spell: Freezing Cloud
 17687 | Lair:3   | Reached skill level 1 in Air Magic
 18628 | Lair:4   | Identified the scarf of Focus {repulsion, rElec}
 19550 | Lair:4   | Reached skill level 5 in Short Blades
 19788 | Lair:4   | Found a viscous altar of Jiyva.
 19788 | Lair:4   | Found a staircase to the Slime Pits.
 20121 | Lair:4   | Lost mutation: You have a pair of large antennae on your
                  | head. (SInv) [Jiyva's grace]
 20121 | Lair:4   | Lost mutation: You have a pair of antennae on your head.
                  | [Jiyva's grace]
 20121 | Lair:4   | Lost mutation: You have sharp fingernails. [Jiyva's grace]
 20121 | Lair:4   | Gained mutation: You are covered in fur. (AC +1) [Jiyva's
                  | grace]
 20121 | Lair:4   | Gained mutation: You are covered in thick fur. (AC +2)
                  | [Jiyva's grace]
 20121 | Lair:4   | Gained mutation: Your thick and shaggy fur keeps you warm.
                  | (AC +3, rC+) [Jiyva's grace]
 20121 | Lair:4   | Gained mutation: Your flesh is cold resistant. (rC+)
                  | [Jiyva's grace]
 20418 | Lair:5   | Entered Level 5 of the Lair of Beasts
 20945 | Lair:5   | Reached skill level 1 in Shields
 21220 | Lair:5   | Paralysed by a hornet for 2 turns
 21456 | Lair:5   | Reached XP level 14. HP: 79/82 MP: 29/31
 21582 | Lair:5   | Identified the +5 scale mail "Ymiuh" {rN+ Int+3 Dex+3}
 23092 | D:11     | Identified the amulet of the Enchanting Gods {Regen+ Str+3}
 23203 | D:11     | Killed Urug
 23276 | D:11     | Found a runed translucent door.
 23722 | D:11     | Noticed Fannar
 23729 | D:11     | Killed Fannar
 23779 | D:11     | Noticed Grum
 23791 | D:11     | Killed Grum
 24010 | D:12     | Lost mutation: Your muscles are very strong. (Str +8,
                  | Int/Dex -2) [Jiyva's grace]
 24010 | D:12     | Lost mutation: Your transparent skin significantly reduces
                  | your foes' accuracy. (Stealth+) [Jiyva's grace]
 24010 | D:12     | Lost mutation: Your translucent skin reduces your foes'
                  | accuracy. (Stealth+) [Jiyva's grace]
 24010 | D:12     | Lost mutation: You have a small jelly attached to you that
                  | may absorb projectiles. [Jiyva's grace]
 24010 | D:12     | Gained mutation: You are partially covered in iridescent
                  | scales. (AC +2) [Jiyva's grace]
 24010 | D:12     | Gained mutation: You are mostly covered in iridescent
                  | scales. (AC +4) [Jiyva's grace]
 24010 | D:12     | Gained mutation: You are completely covered in iridescent
                  | scales. (AC +6) [Jiyva's grace]
 24010 | D:12     | Gained mutation: Your translucent skin reduces your foes'
                  | accuracy. (Stealth+) [Jiyva's grace]
 24824 | D:13     | Learned a level 4 spell: Olgreb's Toxic Radiance
 24824 | D:13     | Upgraded the game from 0.31-a0-963-ga325b2283a to
                  | 0.31-a0-971-g75a2e9a4b4
 25232 | D:13     | Found a radiant altar of Vehumet.
 25347 | D:13     | Noticed Nessos
 25352 | D:13     | Killed Nessos
 25505 | D:13     | Lost mutation: You passively map a large area around you.
                  | [Jiyva's grace]
 25505 | D:13     | Lost mutation: You passively map the area around you.
                  | [Jiyva's grace]
 25505 | D:13     | Lost mutation: Your muscles are strong. (Str +4, Int/Dex
                  | -1) [Jiyva's grace]
 25505 | D:13     | Gained mutation: You have sharp fingernails. [Jiyva's
                  | grace]
 25505 | D:13     | Gained mutation: You have very sharp fingernails. [Jiyva's
                  | grace]
 25505 | D:13     | Gained mutation: You have claws for hands. [Jiyva's grace]
 25505 | D:13     | Gained mutation: You have acidic saliva. [Jiyva's grace]
 25695 | D:13     | Noticed Kirke
 25712 | D:13     | Killed Kirke
 25980 | D:14     | Noticed Frances
 25991 | D:14     | Killed Frances
 26103 | D:14     | Reached skill level 5 in Air Magic
 26282 | D:14     | Found a shadowy altar of Dithmenos.
 26294 | D:14     | Noticed Rupert
 26297 | D:14     | Noticed Snorg
 26307 | D:14     | Killed Snorg
 26595 | D:14     | Identified the +0 robe of Happiness {Harm rF+}
 26610 | D:14     | Reached skill level 10 in Conjurations
 26619 | D:14     | Found a gate to the Vaults.
 26660 | D:14     | Noticed an ironbound preserver
 26686 | D:14     | Killed an ironbound preserver
 27381 | D:15     | Entered Level 15 of the Dungeon
 27740 | D:15     | Reached XP level 15. HP: 61/88 MP: 32/32
 27823 | D:15     | Learned a level 3 spell: Hailstorm
 27828 | D:15     | Learned a level 4 spell: Summon Lightning Spire
 28021 | D:15     | Reached skill level 1 in Summonings
 28508 | D:15     | Found a staircase to the Depths.
 28571 | D:15     | Noticed Agnes
 28580 | D:15     | Killed Agnes
 29130 | Orc:1    | Entered Level 1 of the Orcish Mines
 29201 | Orc:1    | an orc warlord changed into an azure jelly
 29201 | Orc:1    | Noticed an azure jelly
 29326 | Orc:2    | Entered Level 2 of the Orcish Mines
 29326 | Orc:2    | Lost mutation: Your flesh is cold resistant. (rC+) [Jiyva's
                  | grace]
 29326 | Orc:2    | Lost mutation: Your thick and shaggy fur keeps you warm.
                  | (AC +3, rC+) [Jiyva's grace]
 29326 | Orc:2    | Lost mutation: Your body has grown eyes which may confuse
                  | attackers. (Acc +3) [Jiyva's grace]
 29326 | Orc:2    | Lost mutation: Your translucent skin reduces your foes'
                  | accuracy. (Stealth+) [Jiyva's grace]
 29326 | Orc:2    | Gained mutation: You are partially covered in large bone
                  | plates. (SH +4) [Jiyva's grace]
 29326 | Orc:2    | Gained mutation: You are mostly covered in large bone
                  | plates. (SH +6) [Jiyva's grace]
 29326 | Orc:2    | Gained mutation: You are completely covered in large bone
                  | plates. (SH +8) [Jiyva's grace]
 29326 | Orc:2    | Gained mutation: You have a small jelly attached to you
                  | that senses nearby items. [Jiyva's grace]
 29597 | Orc:2    | Found a staircase to the Elven Halls.
 29816 | Orc:2    | Found Vootim Bal's Antique Weapon Boutique.
 29816 | Orc:2    | Found Qoved's Book Shoppe.
 29816 | Orc:2    | Found Zucwetuu's Antique Armour Emporium.
 29816 | Orc:2    | Found Zeycifim's Armour Boutique.
 30150 | Orc:1    | Noticed Sonja
 30153 | Orc:1    | Killed Sonja
 30444 | Orc:1    | Reached skill level 12 in Spellcasting
 30757 | Snake:1  | Entered Level 1 of the Snake Pit
 30771 | Snake:1  | a naga warrior changed into an acid blob
 30771 | Snake:1  | Noticed an acid blob
 30792 | Snake:1  | Reached skill level 10 in Poison Magic
 31274 | D:6      | Bought a potion of experience for 700 gold pieces
 31274 | D:6      | Reached XP level 16. HP: 96/96 MP: 34/34
 31315 | D:6      | Bought a potion of heal wounds for 55 gold pieces
 31358 | D:6      | Bought a potion of heal wounds for 65 gold pieces
 31467 | D:11     | Killed Dordric's ghost
 32074 | Snake:1  | Found a runed translucent gate.
 32075 | Snake:1  | Found a runed translucent gate.
 32076 | Snake:1  | Found a runed translucent gate.
 32076 | Snake:1  | Noticed dr0g0th's ghost (journeyman DsGl)
 32077 | Snake:1  | Noticed Axiustri's ghost (adept DESu)
 32078 | Snake:1  | Noticed Kacetewk's ghost (adept MiBe)
 32152 | Snake:1  | Reached XP level 17. HP: 101/101 MP: 32/35
 32739 | Snake:2  | Noticed Nikola
 33574 | Orc:2    | Bought a book of Weapons for 280 gold pieces
 33579 | Orc:2    | Learned a level 4 spell: Iskenderun's Mystic Blast
 33894 | Snake:2  | Reached skill level 10 in Fighting
 34032 | Snake:2  | Lost mutation: You have claws for hands. [Jiyva's grace]
 34032 | Snake:2  | Lost mutation: You are completely covered in iridescent
                  | scales. (AC +6) [Jiyva's grace]
 34032 | Snake:2  | Lost mutation: You are completely covered in large bone
                  | plates. (SH +8) [Jiyva's grace]
 34032 | Snake:2  | Lost mutation: Your translucent skin slightly reduces your
                  | foes' accuracy. (Stealth+) [Jiyva's grace]
 34032 | Snake:2  | Lost mutation: You are covered in slimy tendrils that may
                  | disarm your opponents. [Jiyva's grace]
 34032 | Snake:2  | Lost mutation: You have a small jelly attached to you that
                  | senses nearby items. [Jiyva's grace]
 34032 | Snake:2  | Gained mutation: You are completely covered in iridescent
                  | scales. (AC +6) [Jiyva's grace]
 34032 | Snake:2  | Gained mutation: Your translucent skin slightly reduces
                  | your foes' accuracy. (Stealth+) [Jiyva's grace]
 34032 | Snake:2  | Gained mutation: Your translucent skin reduces your foes'
                  | accuracy. (Stealth+) [Jiyva's grace]
 34032 | Snake:2  | Gained mutation: Your transparent skin significantly
                  | reduces your foes' accuracy. (Stealth+) [Jiyva's grace]
 34901 | Snake:2  | Slimified Nikola
 34901 | Snake:2  | Nikola changed into Nikola the acid blob
 34901 | Snake:2  | Noticed Nikola
 35734 | Snake:3  | Learned a level 3 spell: Tukima's Dance
 35895 | Snake:3  | Found Plog's Book Emporium.
 35895 | Snake:3  | Found Jeipa's Jewellery Boutique.
 35896 | Snake:3  | Found Lagi's Book Emporium.
 35989 | Snake:3  | Found Plog's Book Shoppe.
 36106 | Snake:3  | Reached skill level 13 in Spellcasting
 37477 | Snake:4  | Entered Level 4 of the Snake Pit
 37650 | Snake:4  | Reached skill level 10 in Hexes
 37951 | Snake:4  | Found a flickering gateway to a bazaar.
 37963 | Bazaar   | Entered a bazaar
 37963 | Bazaar   | Found Datibb's Distillery.
 37963 | Bazaar   | Found Naad's Magic Scroll Emporium.
 37965 | Bazaar   | Found Querch's Distillery.
 37981 | Bazaar   | Found Sirok's Assorted Antiques.
 38003 | Bazaar   | Bought a potion of heal wounds for 90 gold pieces
 38229 | Snake:4  | Identified the serpent talisman of Temperance {Str+2}
 38229 | Snake:4  | Noticed Aizul
 38238 | Snake:4  | Killed Aizul
 38673 | Snake:4  | Noticed Asterion
 38680 | Snake:4  | Killed Asterion
 39252 | Snake:4  | Lost mutation: You have a pair of small antennae on your
                  | head. [Jiyva's grace]
 39252 | Snake:4  | Lost mutation: You have very sharp fingernails. [Jiyva's
                  | grace]
 39252 | Snake:4  | Lost mutation: You have sharp fingernails. [Jiyva's grace]
 39252 | Snake:4  | Lost mutation: You are completely covered in iridescent
                  | scales. (AC +6) [Jiyva's grace]
 39252 | Snake:4  | Lost mutation: You are covered in thick fur. (AC +2)
                  | [Jiyva's grace]
 39252 | Snake:4  | Lost mutation: You have acidic saliva. [Jiyva's grace]
 39252 | Snake:4  | Lost mutation: Your transparent skin significantly reduces
                  | your foes' accuracy. (Stealth+) [Jiyva's grace]
 39252 | Snake:4  | Lost mutation: Your translucent skin reduces your foes'
                  | accuracy. (Stealth+) [Jiyva's grace]
 39252 | Snake:4  | Lost mutation: Your translucent skin slightly reduces your
                  | foes' accuracy. (Stealth+) [Jiyva's grace]
 39252 | Snake:4  | Gained mutation: You possess an exceptional clarity of
                  | mind. [Jiyva's grace]
 39252 | Snake:4  | Gained mutation: You are covered in slimy tendrils that may
                  | disarm your opponents. [Jiyva's grace]
 39252 | Snake:4  | Gained mutation: You have a small jelly attached to you
                  | that senses nearby items. [Jiyva's grace]
 39252 | Snake:4  | Gained mutation: You are agile. (Dex +4, Str/Int -1)
                  | [Jiyva's grace]
 39411 | Snake:4  | Reached XP level 18. HP: 108/108 MP: 27/37
 40470 | Snake:4  | Reached skill level 1 in Long Blades
 40564 | Snake:4  | Noticed Vashnia
 40576 | Snake:4  | Slimified Vashnia
 40576 | Snake:4  | Vashnia changed into Vashnia the azure jelly
 40576 | Snake:4  | Noticed Vashnia
 40594 | Snake:4  | Killed Vashnia the azure jelly
 40771 | Snake:4  | Reached skill level 14 in Spellcasting
 40800 | Snake:4  | Got a serpentine rune of Zot
 40977 | Snake:4  | Upgraded the game from 0.31-a0-971-g75a2e9a4b4 to
                  | 0.31-a0-977-gc230f8ef24
 41157 | Swamp:1  | Entered Level 1 of the Swamp
 42578 | Crypt:1  | Identified the of Idoo
 42578 | Elf:3    | Identified the "Teklun"
 42578 | Elf:3    | Identified the "Lyisicwu"
 42578 | Elf:3    | Identified the "Naxkamuub"
 42578 | Zot:2    | Identified the of Warai
 42578 | Slime:1  | Entered Level 1 of the Pits of Slime
 42628 | Slime:5  | Identified the "Onidor"
 42628 | Slime:5  | Entered Level 5 of the Pits of Slime
 42793 | Slime:5  | Found a viscous altar of Jiyva.
 42807 | Slime:5  | Identified the ring of Liberty {Int+6 Dex+2}
 42818 | Slime:5  | Identified the +1 war axe of Ignis's Regard {heavy, Str+3}
 42823 | Slime:5  | Got a slimy rune of Zot
 42883 | Slime:5  | Identified the +3 dagger of Eternal Vigilance {holy, Str+2
                  | Stlth+}
 43066 | Slime:5  | Found the +7 mace of Variability {chaos, chaos arc}
 43100 | Slime:5  | Noticed the Royal Jelly
 45143 | Swamp:2  | Learned a level 4 spell: Flame Wave
 45329 | Swamp:2  | Reached skill level 1 in Armour
 45394 | Swamp:2  | Lost mutation: You are mostly covered in iridescent scales.
                  | (AC +4) [Jiyva's grace]
 45394 | Swamp:2  | Lost mutation: You are mostly covered in large bone plates.
                  | (SH +6) [Jiyva's grace]
 45394 | Swamp:2  | Lost mutation: You are covered in fur. (AC +1) [Jiyva's
                  | grace]
 45394 | Swamp:2  | Lost mutation: You have a small jelly attached to you that
                  | senses nearby items. [Jiyva's grace]
 45394 | Swamp:2  | Gained mutation: Your muscles are strong. (Str +4, Int/Dex
                  | -1) [Jiyva's grace]
 45394 | Swamp:2  | Gained mutation: Your muscles are very strong. (Str +8,
                  | Int/Dex -2) [Jiyva's grace]
 45394 | Swamp:2  | Gained mutation: Your flesh is cold resistant. (rC+)
                  | [Jiyva's grace]
 45394 | Swamp:2  | Gained mutation: Your flesh is very cold resistant. (rC++)
                  | [Jiyva's grace]
 45421 | Swamp:2  | Reached skill level 5 in Fire Magic
 45768 | Swamp:3  | Paralysed by a hornet for 2 turns
 46848 | Swamp:4  | Entered Level 4 of the Swamp
 46922 | Swamp:4  | Reached skill level 5 in Translocations
 47008 | Swamp:4  | Reached skill level 5 in Summonings
 48573 | Swamp:4  | Reached XP level 19. HP: 112/112 MP: 35/39
 48721 | Swamp:4  | Noticed the 27-headed Lernaean hydra
 48728 | Swamp:4  | Slimified the 27-headed Lernaean hydra
 48728 | Swamp:4  | the 27-headed Lernaean hydra changed into an acid blob
                  | shaped Lernaean hydra
 48728 | Swamp:4  | Noticed an acid blob shaped Lernaean hydra
 48842 | Swamp:4  | Reached skill level 15 in Spellcasting
 48935 | Swamp:4  | Got a decaying rune of Zot
 49560 | Elf:1    | Entered Level 1 of the Elven Halls
 49844 | Elf:1    | Reached skill level 10 in Short Blades
 50208 | Elf:1    | Found a runed translucent door.
 50210 | Elf:1    | Found a shimmering altar of Xom.
 50210 | Elf:1    | Noticed Ticruxul's ghost (journeyman MiFi)
 50850 | Elf:1    | Identified the +6 shortbow "Uskirekh" {speed, Int+3}
 51022 | Elf:1    | Lost mutation: Your flesh is very cold resistant. (rC++)
                  | [Jiyva's grace]
 51022 | Elf:1    | Lost mutation: Your flesh is cold resistant. (rC+) [Jiyva's
                  | grace]
 51022 | Elf:1    | Lost mutation: Your muscles are very strong. (Str +8,
                  | Int/Dex -2) [Jiyva's grace]
 51022 | Elf:1    | Lost mutation: You are covered in slimy tendrils that may
                  | disarm your opponents. [Jiyva's grace]
 51022 | Elf:1    | Gained mutation: You have hidden genetic potential.
                  | [Jiyva's grace]
 51022 | Elf:1    | Gained mutation: You have great hidden genetic potential.
                  | [Jiyva's grace]
 51022 | Elf:1    | Gained mutation: You have sharp toenails. [Jiyva's grace]
 51022 | Elf:1    | Gained mutation: You have razor-sharp toenails. [Jiyva's
                  | grace]
 52305 | Elf:2    | Reached skill level 10 in Air Magic
 52438 | Elf:2    | Paralysed by an orc sorcerer for 3 turns
 52960 | Elf:2    | Noticed wally255's ghost (journeyman HOFi)
 52968 | Elf:2    | Found a runed translucent gate.
 52968 | Elf:2    | Found a runed translucent gate.
 52970 | Elf:2    | Found a runed translucent gate.
 53087 | Elf:2    | Found Vacrick's Weapon Boutique.
 53095 | Elf:2    | Found Wagintal's Antique Armour Boutique.
 53249 | Elf:2    | Found Totositt's Firing Range.
 53594 | Elf:2    | Found a huge runed translucent gate.
 53596 | Elf:2    | Found a huge runed translucent gate.
 53601 | Elf:2    | Found a huge runed translucent gate.
 53602 | Elf:2    | Found a huge runed translucent gate.
 53602 | Elf:2    | Found a huge runed translucent gate.
 53679 | Elf:3    | Entered Level 3 of the Elven Halls
 54030 | Elf:3    | HP: 2/112 [deep elf elementalist/freezing blast (43)]
 54403 | Elf:3    | Found Diqer's Weapon Shoppe.
 54408 | Elf:3    | Found Xyjemp's Magic Scroll Shoppe.
 54415 | Elf:3    | Bought a scroll of fear for 64 gold pieces
 54415 | Elf:3    | Bought a scroll of teleportation for 48 gold pieces
 54448 | Elf:3    | Learned a level 5 spell: Irradiate
 54832 | Elf:3    | Lost mutation: You have razor-sharp toenails. [Jiyva's
                  | grace]
 54832 | Elf:3    | Lost mutation: You have sharp toenails. [Jiyva's grace]
 54832 | Elf:3    | Lost mutation: You are partially covered in iridescent
                  | scales. (AC +2) [Jiyva's grace]
 54832 | Elf:3    | Lost mutation: You have great hidden genetic potential.
                  | [Jiyva's grace]
 54832 | Elf:3    | Gained mutation: Your translucent skin slightly reduces
                  | your foes' accuracy. (Stealth+) [Jiyva's grace]
 54832 | Elf:3    | Gained mutation: Your translucent skin reduces your foes'
                  | accuracy. (Stealth+) [Jiyva's grace]
 54832 | Elf:3    | Gained mutation: Your transparent skin significantly
                  | reduces your foes' accuracy. (Stealth+) [Jiyva's grace]
 54832 | Elf:3    | Gained mutation: You have great hidden genetic potential.
                  | [Jiyva's grace]
 54860 | Elf:3    | Reached skill level 16 in Spellcasting
 55103 | Elf:3    | Reached XP level 20. HP: 117/117 MP: 32/42
 55164 | Abyss:2  | Cast into level 2 of the Abyss (a deep elf sorcerer)
 55470 | Abyss:2  | Found a corrupted altar of Lugonu.
 55478 | Elf:3    | Escaped the Abyss
 55850 | Elf:3    | Identified the +1 scale mail of the Old World {-Tele rElec
                  | Str+3}
 55891 | Elf:3    | Paralysed by an air elemental for 1 turns
 56234 | Abyss:2  | Cast into level 2 of the Abyss (a deep elf sorcerer)
 56239 | Abyss:2  | Found a corrupted altar of Lugonu.
 56240 | Abyss:2  | Found a corrupted altar of Lugonu.
 56328 | Abyss:2  | Found a corrupted altar of Lugonu.
 56329 | Abyss:2  | Found a corrupted altar of Lugonu.
 56329 | Abyss:2  | Found a corrupted altar of Lugonu.
 56409 | Abyss:2  | Found a corrupted altar of Lugonu.
 56513 | Abyss:2  | Paralysed by accursed screaming for 2 turns
 56555 | Abyss:2  | HP: 1/105 [blizzard demon/bolt of cold (37)]
 56562 | Abyss:2  | Gained mutation: You are very agile. (Dex +8, Str/Int -2)
                  | [hidden potential]
 56658 | Abyss:2  | Lost mutation: Your transparent skin significantly reduces
                  | your foes' accuracy. (Stealth+) [a cacodemon]
 56672 | Abyss:2  | Paralysed by accursed screaming for 2 turns
 56675 | Elf:3    | Escaped the Abyss
 57292 | Elf:3    | Lost mutation: You are partially covered in large bone
                  | plates. (SH +4) [Jiyva's grace]
 57292 | Elf:3    | Lost mutation: You possess an exceptional clarity of mind.
                  | [Jiyva's grace]
 57292 | Elf:3    | Lost mutation: Your muscles are strong. (Str +4, Int/Dex
                  | -1) [Jiyva's grace]
 57292 | Elf:3    | Gained mutation: You are covered in slimy tendrils that may
                  | disarm your opponents. [Jiyva's grace]
 57292 | Elf:3    | Gained mutation: You are strong-willed. (Will+) [Jiyva's
                  | grace]
 57292 | Elf:3    | Gained mutation: You are highly strong-willed. (Will++)
                  | [Jiyva's grace]
 57292 | Elf:3    | Gained mutation: You are extremely strong-willed. (Will+++)
                  | [Jiyva's grace]
 57348 | Elf:3    | Identified the +7 shortbow of Wubb {antimagic, Fragile
                  | Will+ rCorr Stlth+}
 57882 | Vaults:1 | Entered Level 1 of the Vaults
 57906 | Vaults:1 | Reached skill level 17 in Spellcasting
 58203 | Vaults:1 | Found Lidgh's Weapon Boutique.
 58263 | Vaults:1 | Found a one-way gate to the infinite horrors of the Abyss.
 58263 | Vaults:1 | Noticed lotum's ghost (adept KoHu)
 58316 | Vaults:1 | Found a transporter.
 58323 | Vaults:1 | Found a transporter.
 58353 | Vaults:1 | Noticed Donald
 58364 | Vaults:1 | Killed Donald
 58453 | Vaults:1 | Reached skill level 15 in Conjurations
 59411 | Vaults:1 | Reached skill level 15 in Hexes
 59522 | Vaults:1 | Reached XP level 21. HP: 106/122 MP: 29/44
 59529 | Vaults:1 | Reached skill level 10 in Fire Magic
 60427 | Vaults:2 | Noticed Boris
 60665 | Vaults:2 | Found Rytijos's Magic Scroll Shoppe.
 60670 | Vaults:2 | Bought a scroll of blinking for 120 gold pieces
 60670 | Vaults:2 | Bought a scroll of blinking for 120 gold pieces
 60912 | Vaults:2 | Found a runed translucent door.
 60912 | Vaults:2 | Noticed Gormless's ghost (adept HOMo)
 61098 | Vaults:2 | Gained mutation: You possess an exceptional clarity of
                  | mind. [hidden potential]
 61098 | Vaults:2 | Lost mutation: You have great hidden genetic potential.
                  | [hidden potential expressed]
 61107 | Vaults:2 | Mangled by a tengu reaver

Illustrated notes

Levels and vault maps discovered:
D:1:      erik_arrival_triangle_large, layout_loops_corners,
          shapermc_ecumenical_altar_mp_urbaneastern
D:2:      layout_rooms, serial_shops, shop, minmay_misc_feat_hallway
D:3:      layout_loops_corners, chequers_serial_rivers_small_3,
          chequers_arboretum
D:4:      layout_basic, serial_shops, shop, dk_noncrumbling_3
D:5:      layout_basic, amethyst_overflow_temple_binary,
          minmay_temple_entry_offerings, minmay_splitting_lines,
          minmay_misc_feat_secret_circle, st_stairs_5, minmay_checkerbox,
          uniq_grinder
D:6:      layout_basic, serial_shops, shop, nicolae_wooded_promenade,
          grunt_ministairs_14, uniq_duvessa
D:7:      layout_loops_ring, uniq_prince_ribbit1
D:8:      layout_loops_ring, minmay_statues_item, dk_noncrumbling_4
D:9:      layout_irregular_city, david_orc_3
D:10:     layout_irregular_city, onia_ninara_cookie
D:11:     layout_roguey, erik_lair_orcish_takeover, ebering_ghost_gozag,
          mainiacjoe_labyrinth_nostalgia, uniq_grum, uniq_fannar, uniq_urug
D:12:     layout_cave_pods
D:13:     wad_crossroads, layout_basic, vehumet_altar_wand_db, uniq_nessos,
          uniq_kirke
D:14:     layout_basic, skrybe_vaults_entry_preservation,
          grunt_dithmenos_smoke_and_mirrors, nicolae_lava_and_water, uniq_snorg,
          uniq_frances, uniq_rupert
D:15:     grunt_enter_depths_magical_seal, layout_loops_ring,
          chequers_serial_rivers_small_b, minivault_25, uniq_agnes
Lair:1:   layout_roguey [special_room_bee]
Lair:2:   minmay_lair_venomous_thicket, layout_cave_pods,
          skrybe_swamp_entry_bodies, dummy_snake_entry,
          chequers_serial_rivers_marsh, ldierk_geyser,
          nicolae_lair_run_with_the_wolves
Lair:3:   layout_small_grid, minmay_hedge_maze, grunt_megastairs_1
Lair:4:   layout_hall_layers, slime_entry_1, lemuel_fruit_tree
Lair:5:   minmay_lair_end_enchanted_forest, layout_loops_ring,
          minmay_stone_trees_medium, serial_bayou_shore_a, serial_bayou_shore_b,
          serial_bayou_shore_b
Swamp:1:  layout_basic_swamp, evilmike_swamp_ruin_house_5
Swamp:2:  layout_falls_marsh, serial_swamp_ruin, hangedman_swamp_ruin_wall,
          evilmike_swamp_ruin_house_1, swamp_pool2, nicolae_swamp_catching_bugs
Swamp:3:  layout_falls_marsh, evilmike_swamp_ruin_house_6
Swamp:4:  swamp_old_school, layout_basic_swamp, infiniplex_staircase_pool_2
Snake:1:  layout_misc_corridors, gammafunk_ghost_cemetery, grunt_megastairs_3
Snake:2:  layout_rooms, nicolae_snake_scaly_snakehead, uniq_nikola
Snake:3:  layout_cave_shapes, serial_shops, nicolae_book_shop_shelving,
          nicolae_snake_serpentine_hallways, minmay_shop_grove
Snake:4:  johnstein_snake_rune_scales, layout_gridlike,
          portal_ice_cave_entry_ice_simulacra, serial_shops, bzr_firewalk,
          grunt_megastairs_5, uniq_asterion, uniq_aizul
Slime:1:  layout_caves
Slime:2:  layout_caves
Slime:3:  layout_caves
Slime:4:  layout_caves
Slime:5:  slime_pit_nicolae_block_by_block
Orc:1:    layout_diamond_mine, uniq_sonja
Orc:2:    st_orc_ogre_mass, layout_caves
Elf:1:    elf_arrival_002, layout_geoelf_octagon, ebering_ghost_xom,
          evilmike_minifort
Elf:2:    elven_hall_of_blades_hangedman_alternative
          [nicolae_vaults_blade_armed_guards], layout_gridlike, serial_shops,
          nicolae_shop_dealshenge, nicolae_shop_bloodbath_and_beyond,
          gammafunk_ghost_split, nicolae_shop_firing_range
Elf:3:    nooodl_elf_gasket, layout_loops_corners, minmay_shop_star
Vaults:1: gammafunk_ghost_abyssal_escape, nicolae_vaults_sightless_eye,
          nicolae_vaults_storage_room_statues, ontoclasm_vaults_loading_screen,
          nicolae_vaults_network_periphery, vaults_mumra_minichess,
          nicolae_vaults_sealed_display, nicolae_vaults_storage_closets_2,
          nicolae_vaults_little_squares_2, grunt_vaults_funnel,
          vaults_dpeg_encased_lava, nicolae_vaults_apartment_1,
          layout_vaults_big_room, serial_shops, nicolae_lakefront_shop,
          uniq_donald
Vaults:2: hellmonk_ghost_happy_afterlife, st_greater_box_2,
          nicolae_vaults_closet_pinwheel_6, nicolae_vaults_three_branches,
          v_alt_pattern_2, nicolae_vaults_more_shelving_2, v_misc_15,
          nicolae_vaults_trapezoid_2, nicolae_vaults_big_ls,
          hangedman_vaults_pinch, nicolae_vaults_diagonal_hallway_6,
          nicolae_vaults_shelves_hall, nicolae_vaults_house_1,
          nicolae_vaults_trapezoid_lopsided_1, layout_vaults_omnicross,
          serial_shops, nicolae_shop_trees, uniq_boris

Skill      XL: |  1  2  3  4  5  6  7  8  9 10 11 12 13 14 15 16 17 18 19 20 21 |
---------------+----------------------------------------------------------------+-----
Dodging        | 3 4 5 6 7 8 9 10 11 12 13 | 13.7
Stealth        | 3 4 5 6 7 8 9 |  9.3
Ice Magic      | 5 6 7 8 9 10 11 12 | 12.5
Spellcasting   | 4 5 6 7 8 9 10 11 12 13 14 16 17 | 17.9
Conjurations   | 1 2 3 4 5 6 7 9 10 11 12 13 14 15 | 15.3
Hexes          | 1 2 4 5 6 8 9 10 11 13 15 | 15.1
Fighting       | 1 2 3 4 5 6 7 9 10 | 10.3
Unarmed Combat | 1 2 3 |  3.5
Poison Magic   | 2 3 5 6 8 9 10 11 | 11.9
Translocations | 2 4 5 6 |  6.0
Fire Magic     | 2 3 5 8 9 10 | 10.7
Ranged Weapons | 2 |  2.4
Short Blades   | 2 4 5 6 7 8 9 10 12 | 12.5
Air Magic      | 3 5 6 8 9 10 11 12 | 12.3
Shields        | 1 3 4 |  4.0
Summonings     | 3 4 5 6 |  6.0
Long Blades    | 1 2 |  2.4
Armour         | 2 4 |  4.0

Action                     |  1- 3 |  4- 6 |  7- 9 | 10-12 | 13-15 | 16-18 | 19-21 || total
---------------------------+-------+-------+-------+-------+-------+-------+-------++-------
  Melee: Short sword       |    20 |       |    14 |       |       |       |       ||    34
         Punch             |     1 |       |     1 |       |       |       |       ||     2
         Unarmed           |       |       |   107 |     7 |     7 |       |       ||   121
         Dagger            |       |       |       |   306 |   716 |    19 |    36 ||  1077
         Rapier            |       |       |       |       |   587 |   770 |   718 ||  2075
         Bite              |       |       |       |       |    88 |    81 |       ||   169
         Demon blade       |       |       |       |       |       |    72 |     4 ||    76
         Double sword      |       |       |       |       |       |    15 |     3 ||    18
         Kick              |       |       |       |       |       |       |    93 ||    93
   Fire: Sling             |    43 |    73 |    33 |   113 |       |       |       ||   262
  Throw: Boomerang         |       |       |       |     1 |       |       |       ||     1
         Dart              |       |       |       |       |       |       |     4 ||     4
         Javelin           |       |       |       |       |       |       |     1 ||     1
   Cast: Freeze            |    30 |    23 |     4 |    12 |     2 |     1 |       ||    72
         Frozen Ramparts   |       |     6 |    29 |    68 |    74 |    34 |    17 ||   228
         Ozocubu's Armour  |       |     1 |    11 |    26 |    16 |    10 |     6 ||    70
         Dazzling Flash    |       |       |    10 |    27 |    18 |     6 |       ||    61
         Volatile Blastmot |       |       |       |     7 |     4 |     3 |     3 ||    17
         Mephitic Cloud    |       |       |       |    10 |    38 |     6 |    17 ||    71
         Freezing Cloud    |       |       |       |       |    12 |    88 |   133 ||   233
         Olgreb's Toxic Ra |       |       |       |       |    18 |    19 |    85 ||   122
         Hailstorm         |       |       |       |       |    14 |   111 |    62 ||   187
         Summon Lightning  |       |       |       |       |       |    34 |    25 ||    59
         Iskenderun's Myst |       |       |       |       |       |    71 |    82 ||   153
         Tukima's Dance    |       |       |       |       |       |    12 |     1 ||    13
         Flame Wave        |       |       |       |       |       |     2 |     1 ||     3
         Irradiate         |       |       |       |       |       |       |     3 ||     3
 Invoke: Oozemancy         |       |       |     2 |     4 |     4 |     2 |     8 ||    20
         Slimify           |       |       |       |       |     2 |     3 |     3 ||     8
  Evoke: Wand              |       |       |     6 |     8 |     3 |    10 |     3 ||    30
    Use: Scroll            |     8 |     1 |     2 |     2 |     2 |     8 |    11 ||    34
         Potion            |     1 |     1 |     2 |     1 |     3 |     6 |     9 ||    23
   Stab: Sleeping          |     3 |       |     3 |     4 |    16 |    14 |    11 ||    51
         Confused          |       |       |     4 |    10 |    50 |     5 |     3 ||    72
         Invisible         |       |       |     4 |     8 |    12 |     2 |       ||    26
         Distracted        |       |       |       |       |     5 |    11 |     5 ||    21
 Armour: Robe              |    23 |    16 |    49 |   151 |    66 |   277 |       ||   582
         Skin              |       |     3 |     4 |       |     4 |       |       ||    11
         Steam dragon scal |       |       |       |       |   344 |     8 |       ||   352
         Swamp dragon scal |       |       |       |       |       |    69 |   488 ||   557
  Dodge: Dodged            |    33 |    30 |   112 |   403 |  1105 |   608 |   536 ||  2827
         Repelled          |       |       |       |       |     6 |    30 |    31 ||    67
  Block: Buckler           |       |       |       |       |   299 |   478 |   296 ||  1073

Table legend: (Time is in decaauts)
 A = Elapsed time spent in this place.
 B = Non-inter-level travel time spent in this place.
 C = Inter-level travel time spent in this place.
 D = Time resting spent in this place.
 E = Time spent auto-exploring this place.
 F = Levels seen in this place.
 G = Mean time per level.
                   A        B        C        D        E       F      G
               +--------+--------+--------+--------+--------+-----+--------+
         Total |  61092 |  57457 |   3635 |  24125 |  16860 |  43 | 1420.7 |
       Dungeon |  20946 |  19380 |   1566 |   7142 |   8162 |  15 | 1396.4 |
          Lair |  10630 |   9778 |    852 |   4286 |   2292 |   5 | 2126.0 |
         Swamp |   6019 |   5800 |    219 |   2713 |   1507 |   4 | 1504.8 |
     Snake Pit |   9365 |   8876 |    489 |   4880 |   1289 |   4 | 2341.2 |
    Slime Pits |   1020 |    918 |    102 |      0 |    718 |   5 |  204.0 |
  Orcish Mines |   1882 |   1635 |    247 |    479 |    477 |   2 |  941.0 |
   Elven Halls |   7221 |   7113 |    108 |   3338 |   1519 |   3 | 2407.0 |
        Vaults |   3215 |   3164 |     51 |   1160 |    806 |   2 | 1607.5 |
         Abyss |    737 |    737 |      0 |    125 |     84 |   2 |  368.5 |
        Bazaar |     53 |     53 |      0 |      0 |      5 |   1 |   53.0 |
               +--------+--------+--------+--------+--------+-----+--------+

Top non-repeatable levels by time:
 Snake:4: 3472 daAuts
  Lair:2: 3463 daAuts
   Elf:3: 3135 daAuts
   Elf:1: 2585 daAuts
Vaults:1: 2453 daAuts
  Lair:5: 2272 daAuts
  Lair:3: 2248 daAuts
 Swamp:4: 2248 daAuts
 Snake:1: 2100 daAuts
    D:11: 2069 daAuts
 Snake:3: 1915 daAuts
    D:10: 1909 daAuts
 Snake:2: 1876 daAuts
     D:6: 1721 daAuts
     D:4: 1669 daAuts
